 Dungeon Crawl Stone Soup version 0.29-a0-1047-g7c58e119a4 (webtiles) character file.

Game seed: 9385070110588258398

54 siradein the Trooper (level 3, 0/34 HPs)
             Began as a Hill Orc Monk on Aug 16, 2022.
             Slain by a scorpion (3 damage)
             ... on level 3 of the Dungeon.
             The game lasted 00:04:06 (2387 turns).

siradein the Trooper (Hill Orc Monk)                Turns: 2387, Time: 00:04:07

Health: 0/34       AC:  5    Str: 15    XL:     3   Next: 91%
Magic:  3/3        EV: 11    Int: 10    God:
Gold:   82         SH:  0    Dex: 13    Spells: 2/2 levels left

rFire   . . .      SeeInvis .   a - +0 spear
rCold   . . .      Faith    .   (no shield)
rNeg    . . .      Spirit   .   l - +0 ring mail
rPois   .          Reflect  .   (no helmet)
rElec   .          Harm     .   (no cloak)
rCorr   .          Rampage  .   (no gloves)
Will    .....                   (no boots)
Stlth   ..........              (no amulet)
HPRegen 0.11/turn               (no ring)
MPRegen 0.08/turn               (no ring)

@: confused, lethally poisoned (0 -> -10), ambrosia-drunk
A: no striking features
a: no special abilities


You were on level 3 of the Dungeon.
You visited 1 branch of the dungeon, and saw 3 of its levels.

You collected 82 gold pieces.

Inventory:

Hand Weapons
 a - a +0 spear (weapon)
Armour
 l - a +0 ring mail (worn)
Jewellery
 b - a ring of wizardry
Scrolls
 d - 2 scrolls of immolation {unknown}
 e - 2 scrolls of identify {unknown}
 f - a scroll of teleportation {unknown}
 g - a scroll of fog {unknown}
 k - a scroll of blinking {unknown}
Potions
 c - 2 potions of ambrosia
 h - a potion of mutation {unknown}
 i - 2 potions of curing {unknown}
 j - 2 potions of might {unknown}


   Skills:
 + Level 4.7 Fighting
 + Level 4.3 Polearms
 - Level 2.4 Dodging
 - Level 1.5 Stealth


You had 2 spell levels left.
You didn't know any spells.
Your spell library was empty.

Dungeon Overview and Level Annotations

Branches:
Dungeon (3/15)

Altars:

Shops:
D:2 *


Message History

* * * LOW HITPOINT WARNING * * *
You feel very sick. The scorpion stings you.
* * * LOW HITPOINT WARNING * * *
You hit the scorpion.
The scorpion is almost dead.
* * * LOW HITPOINT WARNING * * *
You feel sick. The scorpion stings you.
* * * LOW HITPOINT WARNING * * *
Unknown command.
You are confused.
You feel invigorated.
You feel sick. The scorpion stings you.
* * * LOW HITPOINT WARNING * * *
You are lethally poisoned!
The scorpion poisons you!
The scorpion stings you but does no damage.
You bump into the rock wall.
* * * LOW HITPOINT WARNING * * *
You feel very sick. The scorpion stings you.
* * * LOW HITPOINT WARNING * * *
You are more poisoned.
The scorpion poisons you!
You hit the scorpion but do no damage.
The scorpion is almost dead.
* * * LOW HITPOINT WARNING * * *
You feel very sick. The scorpion stings you.
* * * LOW HITPOINT WARNING * * *
* * * LOW HITPOINT WARNING * * *
You feel very sick.
You bump into the rock wall.
* * * LOW HITPOINT WARNING * * *
You feel very sick.
The scorpion stings you but does no damage.
You bump into the rock wall.
* * * LOW HITPOINT WARNING * * *
You feel very sick. The scorpion barely misses you. The scorpion stings you.
You die...

#.##.# #.##.#
#.##.# #.##.####
#.##....##
#.##......
#########.#.......
#.................
#@####.####.......
##s# #)# ###...##
####.#.###.# #...#
#...###(...# #####
#.##.#.##..# #
##.###.(# #.# #..#
#.# #..# #.# #..#


You could see a scorpion.

Vanquished Creatures
  A worm (D:2)
  2 dart slugs (D:1)
  3 orcs (D:3)
  2 bats
  3 endoplasms
  2 giant cockroaches
  8 hobgoblins
  A jackal (D:1)
  2 quokkas
  5 ball pythons
  A frilled lizard (D:2)
  6 kobolds
  5 rats
41 creatures vanquished.

Vanquished Creatures (others)
  3 fungi (D:2)
  9 plants
12 creatures vanquished.

Grand Total: 53 creatures vanquished

Notes
Turn   | Place    | Note
-------+----------+-------------------------------------------
     0 | D:1      | siradein the Hill Orc Monk began the quest for the Orb.
     0 | D:1      | Reached XP level 1. HP: 19/19 MP: 1/1
   193 | D:1      | Reached XP level 2. HP: 16/27 MP: 2/2
   991 | D:2      | Reached XP level 3. HP: 11/34 MP: 3/3
  1472 | D:2      | Found Zyozon's Assorted Antiques.
  1594 | D:2      | Found a faded altar of an unknown god.
  2060 | D:3      | Noticed a scorpion
  2387 | D:3      | Slain by a scorpion

Illustrated notes

Levels and vault maps discovered:
D:1:      lightli_iron_boxes, layout_loops_cross, st_stairs_5,
          minmay_misc_feat_rugged
D:2:      layout_loops_ring, serial_shops, nicolae_diamond_shop,
          dreamdust_ecumenical_altar_grove
D:3:      layout_loops_ring, tso_altar, serial_shops,
          nicolae_shop_overgrown_old_shop, gammafunk_ghost_abyssal_escape

Skill      XL: |  1  2  3 |
---------------+----------+-----
Fighting       | 4 |  4.7
Polearms       | 4 |  4.3
Dodging        | |  2.4
Stealth        | |  1.5

Action                   || total
-------------------------++-------
Melee: Spear             ||   184
       Punch             ||     2
Throw: Javelin           ||     5
  Use: Potion            ||     1
 Stab: Sleeping          ||     5
       Distracted        ||     1
Armor: Robe              ||    13
       Ring mail         ||    24
Dodge: Dodged            ||    70

Table legend: (Time is in decaauts)
 A = Elapsed time spent in this place.
 B = Non-inter-level travel time spent in this place.
 C = Inter-level travel time spent in this place.
 D = Time resting spent in this place.
 E = Time spent auto-exploring this place.
 F = Levels seen in this place.
 G = Mean time per level.
                   A        B        C        D        E       F      G
               +--------+--------+--------+--------+--------+-----+--------+
         Total |   2373 |   2291 |     82 |      0 |   1898 |   3 |  791.0 |
       Dungeon |   2373 |   2291 |     82 |      0 |   1898 |   3 |  791.0 |
               +--------+--------+--------+--------+--------+-----+--------+

Top non-repeatable levels by time:
     D:2: 1066 daAuts
     D:1: 957 daAuts
     D:3: 349 daAuts
